 Dungeon Crawl Stone Soup version 0.29.0-15-g675c0067aa (webtiles) character file.

Game seed: 10716018154889346318

70 Quingondo the Ruffian (level 4, 0/35 HPs)
             Began as a Draconian Transmuter on Sept 9, 2022.
             Was a Follower of Fedhas.
             Slain by a scorpion (3 damage)
             ... on level 4 of the Dungeon on Sept 12, 2022.
             The game lasted 00:24:27 (3576 turns).

Quingondo the Ruffian (Draconian Transmuter)        Turns: 3576, Time: 00:24:28

Health: 0/35       AC:  5    Str: 14    XL:     4   Next: 4%
Magic:  5/7        EV: 12    Int: 13    God:    Fedhas [*.....]
Gold:   89         SH:  0    Dex: 12    Spells: 1/7 levels left

rFire   . . .      SeeInvis .   k - +0 long sword
rCold   . . .      Faith    .   (no shield)
rNeg    . . .      Spirit   .   (body armour unavailable)
rPois   +          Reflect  .   (helmet currently unavailable)
rElec   .          Harm     .   (no cloak)
rCorr   .          Rampage  .   (no gloves)
Will    +....                   (boots currently unavailable)
Stlth   +.........              (no amulet)
HPRegen 0.11/turn               f - ring of willpower {green}
MPRegen 0.10/turn               n - ring of poison resistance

@: lethally poisoned (0 -> -6), appendages (expiring)
A: horns 2, talons 2, AC +5, unfitting armour, cold-blooded
a: End Transformation, Renounce Religion


You were on level 4 of the Dungeon.
You worshipped Fedhas.
Fedhas was aware of your devotion.
You had temporarily grown beastly horns and talons.
You visited 1 branch of the dungeon, and saw 4 of its levels.

You collected 97 gold pieces.
You spent 8 gold pieces at shops.

Inventory:

Hand Weapons
 b - a +0 dagger
 c - a +0 club
 i - a +0 whip
 k - a +0 long sword (weapon)
 r - a +0 hand axe
Missiles
 h - 31 stones (quivered)
Armour
 o - a +0 robe
 q - a +0 kite shield
Jewellery
 f - a ring of willpower (left hand) {green}
 n - a ring of poison resistance (right hand)
Scrolls
 e - 2 scrolls of teleportation
 g - a scroll of immolation {unknown}
 j - 2 scrolls of blinking {unknown}
 l - a scroll of enchant weapon {unknown}
 m - a scroll of amnesia {unknown}
 p - a scroll of identify {unknown}
Potions
 a - 2 potions of lignification
 d - 3 potions of curing


   Skills:
 + Level 1.4 Fighting
 + Level 0.6 Long Blades
 + Level 2.4 Dodging
 + Level 0.1 Stealth
 + Level 3.6 Unarmed Combat
 + Level 2.4 Spellcasting
 + Level 2.5 Transmutations


You had one spell level left.
You knew the following spells:

 Your Spells              Type           Power      Damage    Failure   Level
a - Beastly Appendage     Tmut           16%        N/A       9%          1
b - Spider Form           Tmut/Pois      4%         N/A       41%         3
c - Wereblood             Tmut           8%         N/A       13%         2

Your spell library contained the following spells:

 Spells                   Type           Power      Damage    Failure   Level
 Apportation              Tloc           2%         N/A       24%         1
 Necrotise                Necr           4%         1d4       24%         1
 Summon Small Mammal      Summ           4%         N/A       24%         1
 Blink                    Tloc           2%         N/A       36%         2
 Lesser Beckoning         Tloc           1%         N/A       58%         3
 Ice Form                 Ice/Tmut       4%         N/A       82%         4
 Corpse Rot               Necr/Pois/Air  1%         N/A       94%         4
 Dispel Undead            Necr           1%         3d6       94%         4
 Manifold Assault         Tloc           1%         N/A       100%        5
 Death Channel            Necr           0%         N/A       100%        6


Dungeon Overview and Level Annotations

Branches:
Dungeon (4/15)
 Temple: D:4-7

Altars:
Dithmenos
Fedhas

Shops:
D:2 [


Innate Abilities, Weirdness & Mutations

You have temporarily grown beastly horns and talons.
Your plain brown scales are hard. (AC +5)
You cannot fit into any form of body armour.
You are cold-blooded and may be slowed by cold attacks.


Message History

A goblin comes into view. It is wielding a +0 club.
The gnoll barely misses you.
The gnoll moves out of view.
Casting: Beastly Appendage (safe; 10% risk of failure)
Confirm with . or Enter, or press ? or * to list all spells.
You grow a pair of large bovine horns.
Your feet morph into talons.
The gnoll hits you from afar with a +0 spear.
Casting: Beastly Appendage (safe; 10% risk of failure)
Confirm with . or Enter, or press ? or * to list all spells.
The spell is extremely dangerous to miscast (41% risk of failure)!
Continue anyway?
Okay, then.
You hit the gnoll. You claw the gnoll. You headbutt the gnoll.
You kill the gnoll!
Fedhas appreciates your contribution to the ecosystem.
The gnoll hits you from afar with a +0 spear!
The gnoll misses you.
You have reached level 4!
You feel agile.
You barely miss the scorpion. The scorpion misses you.
The gnoll hits you from afar with a +0 spear. x2
You hit the scorpion.
You claw the scorpion, but do no damage.
The scorpion is lightly wounded.
Your transformation is almost over.
The scorpion stings you.
You are poisoned.
The scorpion poisons you!
The gnoll hits you from afar with a +0 spear.
The gnoll completely misses you. The scorpion closely misses you.
The gnoll hits you from afar with a +0 spear.
* * * LOW HITPOINT WARNING * * *
The gnoll hits you from afar with a +0 spear.
* * * LOW HITPOINT WARNING * * *
* * * LOW HITPOINT WARNING * * *
You feel very sick.
* * * LOW HITPOINT WARNING * * *
You feel sick.
A gnoll comes into view. It is wielding a +0 spear.
The scorpion stings you.
You die...
Fedhas appreciates your contribution to the ecosystem.

#!..#+
.....##
$......
..⌠....
g......
###g....#
##.g#
#.s.#
#@.##
####


You could see a scorpion, 2 gnolls and a goblin.

Vanquished Creatures
  An adder (D:3)
  A gnoll (D:4)
  2 dart slugs (D:1)
  2 orcs (D:3)
  2 ball pythons
  5 bats
  4 endoplasms
  A giant cockroach (D:1)
  4 goblins
  3 hobgoblins
  2 jackals (D:1)
  3 kobolds
  9 frilled lizards
  6 rats
45 creatures vanquished.

Vanquished Creatures (others)
  4 plants (D:2)
4 creatures vanquished.

Grand Total: 49 creatures vanquished

Notes
Turn   | Place    | Note
-------+----------+-------------------------------------------
     0 | D:1      | Quingondo the Draconian Transmuter began the quest for the
                  | Orb.
     0 | D:1      | Reached XP level 1. HP: 16/16 MP: 3/3
    13 | D:1      | Found a shadowy altar of Dithmenos.
   457 | D:1      | Reached XP level 2. HP: 7/23 MP: 5/5
  1687 | D:2      | Found Sivub's Armour Emporium.
  1740 | D:2      | Reached XP level 3. HP: 28/28 MP: 4/6
  1744 | D:2      | Learned a level 3 spell: Spider Form
  1833 | D:2      | Learned a level 2 spell: Wereblood
  1917 | D:2      | Found a faded altar of an unknown god.
  1930 | D:2      | Prayed at the altar of an unknown god.
  1930 | D:2      | Became a worshipper of Fedhas Madash
  1930 | D:2      | Reached * piety under Fedhas
  2500 | D:2      | Bought a +0 robe for 8 gold pieces
  2701 | D:2      | ;
  2716 | D:2      | ::::ž
  2716 | D:2      | Upgraded the game from 0.29.0-13-gc9e81de378 to
                  | 0.29.0-15-g675c0067aa
  3568 | D:4      | Noticed a scorpion
  3573 | D:4      | Reached XP level 4. HP: 22/35 MP: 5/7
  3576 | D:4      | Slain by a scorpion

Illustrated notes .#......#..#.............# .#P.....##......#######..# .##......######.... #.## ..#....###### ###.## #.# ..######....#####.#####.# ...##.......#.....#.....## ..## #...................## .#####....................# ................@.........# .####.....................# ##........................####### ................................. .......................<.######## #..<....##..............## ........#....#.....#.##.# ........#............##.#### ..........#.###......##.....# Turn 2701 on D:2:

; .#......#..#.............#
.#P.....##......#######..#
.##......######.... #.##
..#....###### ###.## #.#
..######....#####.#####.#
...##.......#.....#.....## ..##
#...................##
.#####....................#
................@.........#
.####.....................#
##........................#######
.................................
.......................<.########
#..<....##..............##
........#....#.....#.##.#
........#............##.####
..........#.###......##.....#


Turn 2716 on D:2: ::::ž

Levels and vault maps discovered:
D:1:      sevenhm_arrival_forest_fort_small_6, layout_basic, chequers_avenue,
          serial_bayou_pond_e
D:2:      layout_rooms, hellmonk_ecumenical_altar_lost_god, serial_shops,
          shop_fountains, minmay_lizard_king
D:3:      layout_basic, portal_sewer_entry_d, minmay_misc_feat_diagonals
D:4:      layout_rooms, mainiacjoe_overflow_tiny_flanked,
          yredelemnul_altar_generic, minmay_temple_entry_trees,
          grunt_ministairs_6

Skill      XL: |  1  2 |
---------------+-------+-----
Dodging        | 2 |  2.4
Fighting       | |  1.4
Long Blades    | |  0.6
Stealth        | |  0.1
Unarmed Combat | |  3.6
Spellcasting   | |  2.4
Transmutations | |  2.5

Action                   |  1- 3 |  4- 6 || total
-------------------------+-------+-------++-------
Melee: Dagger            |    55 |       ||    55
       Unarmed           |    12 |       ||    12
       Kick              |    14 |     1 ||    15
       Tailslap          |     8 |       ||     8
       Headbutt          |     5 |       ||     5
       Long sword        |    64 |     2 ||    66
       Punch             |     3 |       ||     3
 Cast: Beastly Appendage |    17 |       ||    17
       Wereblood         |     2 |       ||     2
  Use: Potion            |     4 |       ||     4
       Scroll            |     1 |       ||     1
Armor: Skin              |    63 |       ||    63
Dodge: Dodged            |   106 |     3 ||   109
